 Dungeon Crawl Stone Soup version 0.28-a0-425-gd0eccab798 (webtiles) character file.

Game seed: 9087715119502488205

120 frimble the Sneak (level 5, -5/34 HPs)
             Began as an Octopode Warper on Sept 10, 2021.
             Slain by an ogre (29 damage)
             ... on level 5 of the Dungeon.
             The game lasted 00:04:04 (4190 turns).

frimble the Sneak (Octopode Warper)                 Turns: 4190, Time: 00:04:04

Health: -5/34      AC:  1    Str: 10    XL:     5   Next: 4%
Magic:  8/8        EV: 13    Int: 16    God:
Gold:   172        SH:  0    Dex: 12    Spells: 5/8 levels left

rFire   . . .      SeeInvis .   a - +0 short sword
rCold   . . .      Faith    .   (no shield)
rNeg    . . .      Spirit   .   (helmet restricted)
rPois   .          Reflect  .   (no amulet)
rElec   .          Harm     .   (no ring)
rCorr   .          Rampage  .   (no ring)
Will    .....                   (no ring)
Stlth   +++.......              (no ring)
HPRegen 0.11/turn               (no ring)
MPRegen 0.11/turn               (no ring)
                                (no ring)
                                (no ring)

@: mighty, attractive
A: almost no armour, amphibious, 8 rings, camouflage 1, gelatinous body 1,
(nimble swimmer 1), tentacles
a: no special abilities


You were on level 5 of the Dungeon.
You visited 1 branch of the dungeon, and saw 5 of its levels.

You collected 172 gold pieces.

Inventory:

Hand Weapons
 a - a +0 short sword (weapon)
Missiles
 c - a boomerang of dispersal (quivered)
 e - 2 throwing nets
 k - 6 boomerangs
Armour
 j - a +2 kite shield of protection
Scrolls
 b - 2 scrolls of blinking
 f - 2 scrolls of enchant armour
 l - a scroll of fog {unknown}
 m - a scroll of magic mapping {unknown}
Potions
 g - a potion of might
 h - a potion of flight {unknown}
 i - a potion of lignification {unknown}
 n - a potion of invisibility {unknown}


   Skills:
 - Level 2.0 Fighting
 + Level 3.4 Short Blades
 - Level 1.0 Throwing
 - Level 2.3 Dodging
 + Level 3.6 Stealth
 * Level 1.7 Shields
 - Level 2.0 Spellcasting
 + Level 3.2 Translocations


You had 5 spell levels left.
You knew the following spells:

 Your Spells              Type           Power      Damage    Failure   Level
a - Apportation           Tloc           24%        N/A       5%          1
b - Blink                 Tloc           N/A        N/A       9%          2

Your spell library contained the following spells:

 Spells                   Type           Power      Damage    Failure   Level
 Gell's Gravitas          Tloc           6%         N/A       16%         3
 Lesser Beckoning         Tloc           12%        N/A       16%         3
 Teleport Other           Tloc           12%        N/A       16%         3
 Animate Skeleton         Necr           2%         N/A       21%         1
 Summon Small Mammal      Summ           4%         N/A       21%         1
 Passwall                 Tmut/Erth      0%         N/A       30%         2
 Sublimation of Blood     Necr           0%         N/A       30%         2
 Wereblood                Tmut           1%         N/A       30%         2
 Swiftness                Air            1%         N/A       52%         3
 Manifold Assault         Tloc           12%        N/A       83%         5
 Invisibility             Hex            0%         N/A       100%        6
 Summon Hydra             Summ           0%         N/A       100%        7


Dungeon Overview and Level Annotations

Branches:
Dungeon (5/15)
 Temple: D:4-7

Altars:
Nemelex Xobeh

Annotations:
D:4 exclusion: phantom
D:5 Prince Ribbit


Innate Abilities, Weirdness & Mutations

You cannot wear most types of armour.
You are amphibious.
You can wear up to eight rings at the same time.
Your skin changes colour to match your surroundings (Stealth+).
Your rubbery body absorbs attacks. (AC +1, EV +1)
((You are camouflaged near water. (Stealth+)))
You have tentacles for arms and can constrict up to eight enemies at once.


Message History

You throw a boomerang of dispersal.
The boomerang of dispersal hits the centaur zombie!
The centaur zombie blinks!
You destroy the centaur zombie!
You have reached level 5!
You feel agile.
Key pressed, stopping explore.
You open the door.
An ogre comes into view. It is wielding a +0 giant spiked club.
There is an open door here.
Found 4 gold pieces.
Found a white potion.
You now have 172 gold pieces (gained 4).
n - a white potion An ogre is nearby!
You aren't carrying any items that you can evoke.
Okay, then.
Unknown command.
The ogre shouts!
Okay, then.
It was a potion of attraction.
You feel attractive to monsters. The ogre is attracted toward you.
It was a potion of might.
You feel very mighty all of a sudden.
The ogre hits you with a +0 giant spiked club!
You aren't carrying any items that you can evoke.
Okay, then.
Unknown command.
Throw: 2 boomerangs (disperse)
Press: ? - help, Q - select action, (/) - cycle Shift-Dir - straight line, f - ogre
Aim: an ogre, wielding a +0 giant spiked club (73% to hit)
You throw a boomerang of dispersal.
The boomerang of dispersal barely misses the ogre.
The ogre barely misses you.
You puncture the ogre!
The ogre is moderately wounded.
The ogre hits you with a +0 giant spiked club!!
Ouch! That really hurt!
You die...

#.... ###.#
#O... ..#.#
....####.##.#
####.#...#$##.#
#.....<..#.##.#
#.......##.##.#
#..........##.#
#.......#####.#
#.......'ยง..O@#
#.......#######
####.......#
...........#
...........#
...........#
...........#
......######
......#


You could see an ogre.

Vanquished Creatures
  A centaur zombie (D:5)
  A centaur skeleton (D:4)
  An adder (D:4)
  4 dart slugs
  An orc (D:3)
  5 ball pythons
  9 bats
  3 endoplasms (D:4)
  A giant cockroach (D:2)
  3 goblins
  A hobgoblin (D:1)
  4 jackals (D:1)
  2 kobolds
  A quokka (D:3)
  3 frilled lizards
  2 rats
42 creatures vanquished.

Vanquished Creatures (others)
  A plant (D:1)
1 creature vanquished.

Grand Total: 43 creatures vanquished

Notes
Turn   | Place    | Note
-------+----------+-------------------------------------------
     0 | D:1      | frimble the Octopode Warper began the quest for the Orb.
     0 | D:1      | Reached XP level 1. HP: 14/14 MP: 3/3
   317 | D:1      | Reached skill level 1 in Stealth
   323 | D:1      | Reached XP level 2. HP: 14/19 MP: 5/5
  1248 | D:2      | Learned a level 1 spell: Apportation
  1284 | D:2      | Learned a level 2 spell: Blink
  1791 | D:2      | Reached XP level 3. HP: 21/24 MP: 6/6
  2608 | D:3      | Found a sparkling altar of Nemelex Xobeh.
  2782 | D:3      | Identified a scroll of acquirement
  2782 | D:3      | Acquired a +2 kite shield of protection
  3333 | D:4      | Reached XP level 4. HP: 21/29 MP: 7/7
  3469 | D:4      | Noticed a phantom
  3486 | D:4      | Reached skill level 1 in Shields
  3594 | D:4      | Noticed a black bear
  3612 | D:5      | Entered Level 5 of the Dungeon
  3612 | D:5      | Noticed Prince Ribbit
  3874 | D:5      | Reached XP level 5. HP: 6/34 MP: 8/8
  4136 | D:5      | Noticed an ogre
  4190 | D:5      | Slain by an ogre

Illustrated notes

Levels and vault maps discovered:
D:1:      scummos_arrival_star, layout_basic, chequers_big_river
D:2:      layout_loops_corners
D:3:      layout_rooms, mainiacjoe_overflow_24_doors
D:4:      layout_basic, lemuel_doored_altar, nicolae_qazlal_general_emergency,
          nicolae_shop_clearance
D:5:      layout_basic, uniq_prince_ribbit1, uniq_ijyb

Skill      XL: |  1  2  3  4 |
---------------+-------------+-----
Stealth        | 1 2 3 |  3.6
Short Blades   | 3 |  3.4
Shields        | 1 |  1.7
Fighting       | |  2.0
Throwing       | |  1.0
Dodging        | |  2.3
Spellcasting   | |  2.0
Translocations | |  3.2

Action                   |  1- 3 |  4- 6 || total
-------------------------+-------+-------++-------
Melee: Short sword       |    94 |    13 ||   107
       Constrict         |    23 |     1 ||    24
       Tentacles         |    15 |     4 ||    19
Throw: Boomerang         |       |     4 ||     4
  Use: Scroll            |     4 |       ||     4
       Potion            |       |     2 ||     2
 Stab: Sleeping          |     8 |     2 ||    10
Armor: Skin              |    24 |     1 ||    25
Dodge: Dodged            |    64 |    15 ||    79
Block: Kite shield       |    13 |       ||    13

Table legend: (Time is in decaauts)
 A = Elapsed time spent in this place.
 B = Non-inter-level travel time spent in this place.
 C = Inter-level travel time spent in this place.
 D = Time resting spent in this place.
 E = Time spent auto-exploring this place.
 F = Levels seen in this place.
 G = Mean time per level.
                   A        B        C        D        E       F      G
               +--------+--------+--------+--------+--------+-----+--------+
         Total |   4191 |   3993 |    198 |    236 |   3270 |   5 |  838.2 |
       Dungeon |   4191 |   3993 |    198 |    236 |   3270 |   5 |  838.2 |
               +--------+--------+--------+--------+--------+-----+--------+

Top non-repeatable levels by time:
     D:1: 1368 daAuts
     D:3: 945 daAuts
     D:2: 865 daAuts
     D:5: 577 daAuts
     D:4: 434 daAuts
